 Dungeon Crawl Stone Soup version 0.28-a0-511-gcc94558de3 (webtiles) character file.

Game seed: 15518216912765042607

13 frimble the Stinger (level 2, -2/28 HPs)
             Began as a Demonspawn Venom Mage on Sept 22, 2021.
             Killed from afar by Sigmund (8 damage)
             ... with a puff of flame
             ... on level 2 of the Dungeon.
             The game lasted 00:01:11 (1432 turns).

frimble the Stinger (Demonspawn Venom Mage)         Turns: 1432, Time: 00:01:11

Health: -2/28      AC: 21    Str:  8    XL:     2   Next: 24%
Magic:  0/5        EV:  2    Int: 16    God:
Gold:   125        SH:  0    Dex: 13    Spells: 4/5 levels left

rFire   . . .      SeeInvis .   g - +0 short sword
rCold   . . .      Faith    .   (no shield)
rNeg    + + +      Spirit   .   (armour currently unavailable)
rPois   +          Reflect  .   (helmet currently unavailable)
rElec   .          Harm     .   (cloak currently unavailable)
rCorr   .          Rampage  .   (gloves currently unavailable)
Will    .....      NoTele   +   (boots currently unavailable)
Stlth   ++........              (no amulet)
HPRegen 0.09/turn               (no ring)
MPRegen 0.09/turn               (no ring)

@: tree-form, very slightly contaminated
A: stationary, stasis, torment immunity, boosted hp, (talons 1)
a: no special abilities


You were on level 2 of the Dungeon.
You were a tree.
You visited 1 branch of the dungeon, and saw 2 of its levels.

You collected 125 gold pieces.

Inventory:

Hand Weapons
 g - a +0 short sword (weapon)
Missiles
 d - 2 throwing nets
Armour
 a - a +1 robe (melded)


   Skills:
 + Level 0.0 Short Blades
 - Level 1.7 Dodging
 - Level 1.7 Stealth
 - Level 2.0 Spellcasting
 - Level 0.8 Transmutations
 + Level 3.7 Poison Magic


You had 4 spell levels left.
You knew the following spells:

 Your Spells              Type           Power      Damage    Failure   Level
a - Sting                 Tmut/Pois      36%        1d4       9%          1

Your spell library contained the following spells:

 Spells                   Type           Power      Damage    Failure   Level
 Poisonous Vapours        Pois/Air       14%        N/A       14%         2
 Mephitic Cloud           Conj/Pois/Air  5%         N/A       36%         3
 Olgreb's Toxic Radiance  Pois           13%        N/A       41%         4


Dungeon Overview and Level Annotations

Branches:
Dungeon (2/15)

Altars:

Annotations:
D:2 Sigmund


Innate Abilities, Weirdness & Mutations

You are a tree.
Your roots penetrate the ground, keeping you stationary.
You cannot be teleported.
You are immune to unholy pain and torment.
Your maximum health is greatly increased.
Your equipment is partially melded.
((You have sharp toenails.))


Message History

Casting: Sting (safe; 9% risk of failure)
Confirm with . or Enter, or press ? or * to list all spells.
You don't know that spell.
Unknown command.
Unknown command.
Casting: Sting (safe; 9% risk of failure)
Confirm with . or Enter, or press ? or * to list all spells.
Aiming: Sting (safe; 9% risk of failure)
Press: ? - help, Shift-Dir - straight line The sting hits something.
Something hits you!
* * * LOW HITPOINT WARNING * * *
It was a potion of curing.
You feel better. Something hits you.
Casting: Sting (safe; 9% risk of failure)
Confirm with . or Enter, or press ? or * to list all spells.
Aiming: Sting (safe; 9% risk of failure)
Press: ? - help, Shift-Dir - straight line The sting hits something but does no damage.
Casting: Sting (safe; 9% risk of failure)
Confirm with . or Enter, or press ? or * to list all spells.
Aiming: Sting (safe; 9% risk of failure)
Press: ? - help, Shift-Dir - straight line You miscast Sting.
You are very lightly contaminated with residual magic.
Nothing appears to happen.
Something hits you.
* * * LOW HITPOINT WARNING * * *
Casting: Sting (safe; 9% risk of failure)
Confirm with . or Enter, or press ? or * to list all spells.
Aiming: Sting (safe; 9% risk of failure)
Press: ? - help, Shift-Dir - straight line The sting hits something.
Something barely misses you.
It was a potion of lignification.
You turn into a tree.
Your +1 robe melds into your body.
Your roots penetrate the ground.
You cannot move.
You cannot move.
You aren't carrying any items that you can evoke.
Something hits you but does no damage.
You hear some strange, mumbled words.
A puff of flame appears from out of thin air!
The puff of flame hits you!
You die...

#...# . #.##..## #...#
#.|.(... #...# ####..##
##... #.... .... #.### $$#
#.## #{# #..# #.#..# ##.#
#♣#..# #.# #.#..# #.#
##.#..#.########.## #
##......# ..........
#.##.###..#.########.##
#.#.## #.##########.# #
#...#####............#
....###.##.##.############
#.......#...#


There were no monsters in sight!

Vanquished Creatures
  2 ball pythons
  A bat (D:1)
  An endoplasm (D:1)
  A giant cockroach (D:1)
  A goblin (D:2)
  A hobgoblin (D:2)
  2 kobolds
  3 rats (D:1)
12 creatures vanquished.

Notes
Turn   | Place    | Note
-------+----------+-------------------------------------------
     0 | D:1      | frimble the Demonspawn Venom Mage began the quest for the
                  | Orb.
     0 | D:1      | Reached XP level 1. HP: 13/13 MP: 3/3
   967 | D:1      | Gained mutation: You have sharp toenails. [demonic
                  | ancestry]
   967 | D:1      | Reached XP level 2. HP: 15/19 MP: 5/5
  1416 | D:2      | Noticed Sigmund
  1432 | D:2      | Killed from afar by Sigmund

Illustrated notes

Levels and vault maps discovered:
D:1:      lordsloth_arrival_two_stooges, layout_loops_ring
D:2:      layout_loops_ring, uniq_sigmund

Action                   || total
-------------------------++-------
Melee: Unarmed           ||    15
       Short sword       ||    21
       Kick              ||     4
 Cast: Sting             ||    12
  Use: Scroll            ||     2
       Potion            ||     2
Armor: Robe              ||    14
       Skin              ||     1
Dodge: Dodged            ||    26

Table legend: (Time is in decaauts)
 A = Elapsed time spent in this place.
 B = Non-inter-level travel time spent in this place.
 C = Inter-level travel time spent in this place.
 D = Time resting spent in this place.
 E = Time spent auto-exploring this place.
 F = Levels seen in this place.
 G = Mean time per level.
                   A        B        C        D        E       F      G
               +--------+--------+--------+--------+--------+-----+--------+
         Total |   1433 |   1404 |     29 |      0 |   1269 |   2 |  716.5 |
       Dungeon |   1433 |   1404 |     29 |      0 |   1269 |   2 |  716.5 |
               +--------+--------+--------+--------+--------+-----+--------+

Top non-repeatable levels by time:
     D:1: 1221 daAuts
     D:2: 211 daAuts
